 Dungeon Crawl Stone Soup version 0.21.1-1-g345015f (webtiles) character file.

788 Fang the Chopper (level 7, -2/66 HPs)
             Began as a Gargoyle Berserker on May 16, 2018.
             Was a Priest of Trog.
             Slain by a centaur (6 damage)
             ... on level 5 of the Dungeon.
             The game lasted 00:06:48 (4238 turns).

Fang the Chopper (Gargoyle Berserker)               Turns: 4238, Time: 00:06:48

Health: -2/66      AC:  7    Str: 30    XL:     7   Next: 87%
Magic:  7/7        EV: 13    Int: 11    God:    Trog [***...]
Gold:   245        SH:  0    Dex:  9    Spells: 6/6 levels left

rFire    . . .     SeeInvis .   a - +1 hand axe
rCold    . . .     Gourm    .   (no shield)
rNeg     + . .     Faith    .   b - +0 animal skin
rPois    ∞         Spirit   .   (no helmet)
rElec    +         Reflect  .   (no cloak)
rCorr    .         Harm     .   (no gloves)
MR       .....                  (no boots)
Stlth    ..........             (no amulet)
HPRegen  0.21/turn              j - +3 ring of intelligence
MPRegen  0.10/turn              o - +3 ring of strength

@: berserking (expiring), very quick
A: negative energy resistance 1, electricity resistance, unbreathing,
petrification resistance, rot immunity, AC +4
a: Berserk, Trog's Hand, Burn Spellbooks, Renounce Religion


You were on level 5 of the Dungeon.
You worshipped Trog.
Trog was most pleased with you.
You were near starving.

You visited 1 branch of the dungeon, and saw 5 of its levels.

You collected 245 gold pieces.

Inventory:

Hand Weapons
 a - a +1 hand axe (weapon)
Armour
 b - a +0 animal skin (worn)
Jewellery
 j - a +3 ring of intelligence (left hand)
 o - a +3 ring of strength (right hand)
Wands
 d - a wand of flame (31)
Scrolls
 f - 3 scrolls of teleportation
 g - 3 scrolls of fog
 h - a scroll of blinking {unknown}
 i - a scroll of enchant armour {unknown}
 m - a scroll of remove curse
Potions
 e - a potion of heal wounds {unknown}
 p - a potion of magic
Comestibles
 c - 6 rations


   Skills:
 + Level 5.1 Fighting
 + Level 6.4 Axes
 + Level 2.5 Armour
 + Level 3.4 Dodging
 + Level 1.3 Stealth


You had 6 spell levels left.
You didn't know any spells.

Dungeon Overview and Level Annotations

Branches:
Dungeon (5/15)
 Temple: D:4-7

Altars:
Ashenzari
Fedhas
Hepliaklqana
Trog
Uskayaw


Innate Abilities, Weirdness & Mutations

You are resistant to torment.
Your stone body is resilient. (AC +4)
You are immune to poison.
You resist negative energy. (rN+)
You are resistant to electric shocks. (rElec)
You can survive without breathing.
You are immune to petrification.
You are immune to rotting.


Message History

Unknown command.
You barely miss the centaur.
The centaur is almost dead.
You slash the centaur! You completely miss something.
The centaur barely misses you. The centaur hits you.
* * * LOW HITPOINT WARNING * * *
Something hits you but does no damage.
Unknown command.
The centaur wields an uncursed shortbow.
The centaur shoots an arrow.
The arrow closely misses you.
Things that are here:
an arrow; a whip; a leather armour Unknown command.
You feel a strong urge to attack something.
The centaur hits you.
* * * LOW HITPOINT WARNING * * *
The centaur shoots an arrow.
The arrow closely misses you.
There is a stone staircase leading up here.
The centaur hits you.
You die...

#..#.......#
#..........#
#..........#
#.#........#
......oo.#.#
.........o.####
.....%.o.c....#
#....(c.#
<..#..(((@#
##(.(..#
####..# #..#
#..# #..# #[.#
##(.


You could see 2 centaurs and 4 orcs.

Vanquished Creatures
  3 ogres (D:4)
  A scorpion (D:4)
  A howler monkey (D:4)
  A quasit (D:5)
  A crimson imp (D:2)
  A hound (D:5)
  An orc priest (D:3)
  An orc wizard (D:4)
  An iguana (D:4)
  Natasha (thrice) (D:3)
  7 adders
  4 worms
  4 dart slugs (D:1)
  18 orcs
  3 bats
  4 giant cockroaches
  6 hobgoblins
  6 jackals
  7 kobolds
  3 quokkas
  3 ball pythons
  7 frilled lizards
  9 goblins
  14 rats
109 creatures vanquished.

Notes
Turn   | Place    | Note
-------+----------+-------------------------------------------
     0 | D:1      | Fang the Gargoyle Berserker began the quest for the Orb.
     0 | D:1      | Reached XP level 1. HP: 14/14 MP: 1/1
   127 | D:1      | Reached XP level 2. HP: 15/19 MP: 2/2
   342 | D:1      | Reached skill level 3 in Axes
   474 | D:1      | Reached XP level 3. HP: 20/24 MP: 3/3
   476 | D:1      | Reached ** piety under Trog
   997 | D:2      | Reached XP level 4. HP: 26/29 MP: 4/4
  1124 | D:2      | Reached skill level 4 in Axes
  1244 | D:2      | Reached XP level 5. HP: 24/33 MP: 5/5
  1839 | D:3      | Found a hide-covered altar of Uskayaw.
  1839 | D:3      | Noticed Natasha
  1847 | D:3      | Killed Natasha
  1893 | D:3      | Found a shattered altar of Ashenzari.
  1973 | D:3      | Noticed Natasha
  1982 | D:3      | Killed Natasha
  2201 | D:3      | Reached *** piety under Trog
  2201 | D:3      | Reached XP level 6. HP: 36/39 MP: 6/6
  2313 | D:3      | Noticed Natasha
  2318 | D:3      | Killed Natasha
  2631 | D:4      | Reached skill level 5 in Axes
  2890 | D:4      | Reached XP level 7. HP: 5/44 MP: 7/7
  3262 | D:4      | Reached skill level 5 in Fighting
  3262 | D:4      | Reached skill level 6 in Axes
  3262 | D:4      | Reached skill level 1 in Stealth
  3953 | D:4      | Found a blossoming altar of Fedhas.
  3953 | D:4      | Found a hazy altar of Hepliaklqana.
  4087 | D:4      | Noticed a moth of wrath
  4090 | D:4      | Found a bloodstained altar of Trog.
  4220 | D:5      | Entered Level 5 of the Dungeon
  4238 | D:5      | Slain by a centaur

Skill      XL: |  1  2  3  4  5  6  7 |
---------------+----------------------+-----
Axes           | 3 4 5 6 |  6.4
Fighting       | 4 5 |  5.1
Dodging        | 2 3 |  3.4
Stealth        | 1 |  1.3
Armour         | |  2.5

Action                   |  1- 3 |  4- 6 |  7- 9 || total
-------------------------+-------+-------+-------++-------
Melee: Hand axe          |   103 |   216 |    86 ||   405
Invok: Berserk           |       |     3 |     3 ||     6
  Use: Scroll            |       |     9 |       ||     9
       Potion            |       |       |     1 ||     1
 Stab: Sleeping          |       |       |     1 ||     1
  Eat: Chunk             |       |     8 |     3 ||    11
       Ration            |       |       |     1 ||     1
Armor: Animal skin       |    42 |    58 |    44 ||   144
Dodge: Dodged            |    74 |   123 |   100 ||   297
